 Dungeon Crawl Stone Soup version 0.29.1-1-gd02db6906a (webtiles) character file.

Game seed: 4464255410122908468

61 LustLizard the Covered (level 4, 0/32 (35) HPs)
             Began as a Human Fighter on Oct 4, 2022.
             Slain by Edmund
             ... wielding a +5 flail of draining
              (7 damage)
             ... on level 4 of the Dungeon.
             The game lasted 00:03:06 (2767 turns).

LustLizard the Covered (Human Fighter)              Turns: 2767, Time: 00:03:07

HP:   0/32 (35)     AC:  8    Str: 17    XL:     4   Next: 27%
MP:   4/4           EV:  9    Int:  8    God:
Gold: 224           SH:  5    Dex: 14    Spells: 1/3 levels left

rFire   . . .      SeeInvis .   a - +0 long sword
rCold   . . .      Faith    .   c - +0 buckler
rNeg    + . .      Spirit   .   b - +0 scale mail
rPois   .          Reflect  .   (no helmet)
rElec   .          Harm     .   (no cloak)
rCorr   .          Rampage  .   j - +0 pair of gloves
Will    .....                   (no boots)
Stlth   ..........              p - amulet of regeneration
HPRegen 0.90/turn               o - ring of positive energy
MPRegen 0.09/turn               q - +4 ring of slaying

@: mighty, drained
A: no striking features
a: no special abilities


You were on level 4 of the Dungeon.
You visited 1 branch of the dungeon, and saw 4 of its levels.

You collected 224 gold pieces.

Inventory:

Hand Weapons
 a - a +0 long sword (weapon)
Missiles
 e - 21 stones (quivered)
Armour
 b - a +0 scale mail (worn)
 c - a +0 buckler (worn)
 j - a +0 pair of gloves (worn)
Jewellery
 o - a ring of positive energy (left hand)
 p - an amulet of regeneration (around neck)
 q - a +4 ring of slaying (right hand)
Wands
 u - a wand of paralysis (9)
Scrolls
 h - a scroll of poison {unknown}
 i - a scroll of enchant weapon {unknown}
 l - a scroll of enchant armour {unknown}
 n - 2 scrolls of blinking {unknown}
Potions
 f - a potion of haste
 g - 2 potions of heal wounds
 k - a potion of brilliance
 m - 3 potions of attraction
 r - a potion of degeneration
 s - a potion of ambrosia {unknown}
 t - a potion of mutation {unknown}
 v - a potion of curing {unknown}


   Skills:
 + Level 3.3 Fighting
 * Level 3.0 Long Blades
 + Level 3.4 Armour
 + Level 3.3 Shields
 * Level 0.6 Translocations


You had one spell level left.
You knew the following spells:

 Your Spells              Type           Power      Damage    Failure   Level
a - Blink                 Tloc           2%         N/A       92%         2

Your spell library contained the following spells:

 Spells                   Type           Power      Damage    Failure   Level
 Magic Dart               Conj           0%         1d3       88%         1
 Call Imp                 Summ           0%         N/A       96%         2
 Lesser Beckoning         Tloc           1%         N/A       99%         3
 Mephitic Cloud           Conj/Pois/Air  0%         N/A       99%         3
 Manifold Assault         Tloc           1%         N/A       100%        5


Dungeon Overview and Level Annotations

Branches:
Dungeon (4/15)
 Temple: D:4-7

Altars:
Elyvilon
Ru
Uskayaw
Zin

Shops:
D:3 [

Annotations:
D:4 Edmund


Message History

No target in view!
A hobgoblin comes into view.
The hobgoblin shouts!
You hear a shout!
Found 5 stones.
Edmund the Younger comes into view.
He is wielding a +5 flail of draining and wearing a +3 leather armour of willpower.
Found an escape hatch in the floor.
Edmund shouts!
You hear a shout!
The hobgoblin barely misses you.
You barely miss the hobgoblin.
The hobgoblin hits you but does no damage.
You closely miss the hobgoblin.
The hobgoblin hits you but does no damage. x2
You feel very mighty all of a sudden. Edmund barely misses you.
You block the hobgoblin's attack.
You barely miss Edmund.
The hobgoblin hits you but does no damage.
You block Edmund's attack.
You hit Edmund.
Edmund is lightly wounded.
The hobgoblin barely misses you.
Edmund hits you with a +5 flail of draining!
You partially resist.
You feel drained.
You slash Edmund!
Edmund is moderately wounded.
Edmund hits you with a +5 flail of draining!
You partially resist.
You feel drained. The hobgoblin barely misses you.
An orc comes into view. It is wielding a +0 whip.
Edmund hits you with a +5 flail of draining!
* * * LOW HITPOINT WARNING * * *
You partially resist.
You feel drained.
* * * LOW HITPOINT WARNING * * *
The hobgoblin hits you but does no damage.
You closely miss Edmund.
Edmund is moderately wounded.
The orc shouts!
You hear a shout!
The hobgoblin hits you.
* * * LOW HITPOINT WARNING * * *
An orc priest comes into view.
It is wielding a +0 hand axe of electrocution.
Edmund hits you with a +5 flail of draining!
You die...

............
....#.#.#.....
###..............
#.....#.#.#......
#............#... #
#.....#.#.#.....
#.#.............
#..<.....##..#
#....#†#..@g.#
#....#.#...@....#
#......#.#####...##
....<..##.. ......
.......#####
....... .....#.
....... .......
....(o. ....>o.


You could see Edmund, an orc priest, an orc and a hobgoblin.

Vanquished Creatures
  A white imp (D:3)
  A worm (D:2)
  3 dart slugs
  2 orcs
  7 ball pythons
  4 endoplasms
  A giant cockroach (D:1)
  5 hobgoblins
  A quokka (D:1)
  4 bats
  2 frilled lizards
  4 goblins
  4 kobolds
  6 rats
45 creatures vanquished.

Notes
Turn   | Place    | Note
-------+----------+-------------------------------------------
     0 | D:1      | LustLizard the Human Fighter began the quest for the Orb.
     0 | D:1      | Reached XP level 1. HP: 18/18 MP: 1/1
    93 | D:1      | Reached XP level 2. HP: 19/24 MP: 2/2
  1206 | D:2      | Reached XP level 3. HP: 22/29 MP: 3/3
  1567 | D:2      | Learned a level 2 spell: Blink
  1731 | D:2      | Found a glowing silver altar of Zin.
  2088 | D:3      | Found Yzxiud's Armour Boutique.
  2182 | D:3      | Reached XP level 4. HP: 35/35 MP: 4/4
  2194 | D:3      | Found a white marble altar of Elyvilon.
  2237 | D:3      | Found a hide-covered altar of Uskayaw.
  2564 | D:3      | Found a sacrificial altar of Ru.
  2758 | D:4      | Noticed Edmund
  2767 | D:4      | Slain by Edmund

Illustrated notes

Levels and vault maps discovered:
D:1:      amcnicky_arrival_blooded_trapdoor, layout_loops_cross
D:2:      layout_loops_corners, basic_altar, minmay_close_crescents
D:3:      layout_loops_cross, amcnicky_altar_gilded, elyvilon_altar_3,
          nicolae_uskayaw_murder_on_the_dancefloor, serial_shops,
          nicolae_shop_hallway_plus, minmay_misc_feat_x
D:4:      layout_cave_pools, grunt_gozag_statues, serial_co_window_serial,
          co_window_paths_a, co_window_paths_a, co_window_of_opportunity_a,
          co_window_corner_a, co_window_paths_a, co_window_paths_b,
          co_window_of_opportunity_a, co_window_paths_b, co_window_paths_a,
          co_window_corner_cb, co_window_2corner, co_window_of_opportunity_b,
          co_window_of_opportunity_c, glass_columns_b, glass_columns_b,
          glass_columns_a, serial_shops, shop, st_stairs_1, uniq_edmund

Skill      XL: |  1  2  3  4 |
---------------+-------------+-----
Long Blades    | 3 |  3.0
Fighting       | |  3.3
Armour         | |  3.4
Shields        | |  3.3
Translocations | |  0.6

Action                   |  1- 3 |  4- 6 || total
-------------------------+-------+-------++-------
Melee: Long sword        |    98 |    23 ||   121
  Use: Scroll            |     4 |     1 ||     5
       Potion            |       |     1 ||     1
Armor: Scale mail        |    65 |    12 ||    77
Dodge: Dodged            |    42 |     7 ||    49
Block: Buckler           |    32 |     4 ||    36
